 Dungeon Crawl Stone Soup version 0.19-a0-822-g530da24 (webtiles) character file.

32 Ryco the Sneak (level 3, 0/16 HPs)
             Began as a Spriggan Enchanter on June 29, 2016.
             Killed by divine providence
             ... invoked by an orc priest
              (14 damage)
             ... on level 3 of the Dungeon.
             The game lasted 00:02:27 (241 turns).

Ryco the Sneak (Spriggan Enchanter)                  Turns: 241, Time: 00:02:27

Health: 0/16       AC:  3    Str:  4    XL:     3   Next: 8%
Magic:  8/8        EV: 18    Int: 16    God:
Gold:   33         SH:  0    Dex: 17    Spells: 3 memorised, 1 level left

rFire  . . .     SeeInvis +     a - +1 dagger
rCold  . . .     Gourm    .     b - +1 robe
rNeg   . . .     Faith    .     (shield restricted)
rPois  .         Spirit   .     (helmet restricted)
rElec  .         Dismiss  .     (no cloak)
rCorr  .         Reflect  .     (gloves unavailable)
SustAt .         Harm     .     (boots unavailable)
MR     .....                    (no amulet)
Stlth  +++.......               (no ring)
                                (no ring)

@: very quick, not resistant to hostile enchantments, fairly stealthy
A: unfitting armour, see invisible, herbivore 3, speed 3, slow metabolism 2
a: no special abilities


You were on level 3 of the Dungeon.
You were not hungry.

You visited 1 branch of the dungeon, and saw 3 of its levels.

You collected 33 gold pieces.

Inventory:

Hand Weapons
 a - a +1 dagger (weapon)
 g - a +0 short sword
Armour
 b - a +1 robe (worn)
Scrolls
 f - 2 scrolls of identify {unknown}
Potions
 e - a potion of agility {unknown}
Books
 c - a book of Maledictions

   Spells                             Type                      Level
   a - Corona                         Hexes                        1
   b - Ensorcelled Hibernation        Hexes/Ice                    2
   c - Confuse                        Hexes                        3
   d - Tukima's Dance                 Hexes                        3
   e - Dazzling Spray                 Conjuration/Hexes            3
Comestibles
 d - a bread ration


   Skills:
 * Level 1.7 Short Blades
 + Level 3.3 Dodging
 + Level 5.1 Stealth
 + Level 2.9 Spellcasting
 + Level 4.1 Hexes


You had one spell level left.
You knew the following spells:

 Your Spells              Type           Power        Failure   Level  Hunger
a - Ensorcelled Hibernat  Hex/Ice        #.....       14%         2    ##.....
b - Corona                Hex            ###....      4%          1    #......
c - Confuse               Hex            ###.....     12%         3    ###....


Dungeon Overview and Level Annotations

Branches:
Dungeon (3/15)

Altars:
Dithmenos
Gozag


Innate Abilities, Weirdness & Mutations

You are tiny and cannot use many weapons and most armour.
You have supernaturally acute eyesight. (SInv)
You are a herbivore.
You cover ground extremely quickly.
You need consume almost no food.


Message History

You kneel at the altar of Gozag.
Gozag does not accept service from beggars like you!
The service fee for joining is currently 43 gold; you only have 33.
Unknown command.
There is an open door here.
A hobgoblin comes into view. It is wielding a club.
Found a stone staircase leading down.
A rat comes into view.
The hobgoblin shouts!
The hobgoblin barely misses you.
Found a dark potion.
You hit the hobgoblin.
The hobgoblin is heavily wounded.
An orc and an orc priest come into view.
The hobgoblin hits you with a club.
The orc priest shouts!
The orc priest calls down the wrath of Beogh upon you.
Beogh smites you!
Ouch! That really hurt!
You die...

# ... .....##.## # #.#
#........ # #.##.###....#
.# # #.##........##.###. .
# #.# #....#........
#######.######.......###...
...........................
#######.#######............
# #.########@#...###...
#######.##.......r...###...
........##o......g.l.......
........##o#####.##..###...
.......## #.##..# .
.......# ....l>.. ....####
##.##.....! ###..# #.#
#.##.#.....# # #..# #.#
...........#


You could see an orc priest, an orc (wandering), a giant gecko, a hobgoblin and
a rat.

Vanquished Creatures
  Jessica (D:3)
  A worm (D:3)
  A hobgoblin (D:2)
  A ball python (D:2)
  A giant newt (D:2)
5 creatures vanquished.

Notes
Turn   | Place    | Note
--------------------------------------------------------------
     0 | D:1      | Ryco the Spriggan Enchanter began the quest for the Orb.
     0 | D:1      | Reached XP level 1. HP: 9/9 MP: 5/5
    56 | D:3      | Found a shadowy altar of Dithmenos.
    60 | D:3      | Noticed Jessica
    65 | D:3      | Killed Jessica
    65 | D:3      | Reached XP level 2. HP: 13/13 MP: 6/6
    70 | D:3      | Learned a level 2 spell: Ensorcelled Hibernation
    82 | D:3      | Reached XP level 3. HP: 16/16 MP: 5/8
    87 | D:3      | Learned a level 3 spell: Confuse
    94 | D:3      | Found an opulent altar of Gozag.
   129 | D:2      | Reached skill level 5 in Stealth
   241 | D:3      | Killed from afar by an orc priest

Vault maps used:
D:1:      dpeg_arrival_central, minmay_misc_feat_columns
D:2:      old_standard_altar, nicolae_overflow_crystal_walls, st_stairs_1,
          minmay_goblin_outpost
D:3:      kennysheep_big_flooded_room, old_standard_altar, lemuel_doored_altar,
          overflow_temple_1_default, bloody_trog, ecumenical_altar_1,
          uniq_jessica

Skill      XL: |  1  2  3 |
---------------+----------+-----
Hexes          | 4 |  4.1
Stealth        | 5 |  5.1
Short Blades   | |  1.7
Dodging        | |  3.3
Spellcasting   | |  2.9

Action                   || total
-------------------------++-------
Melee: Dagger            ||    12
 Cast: Ensorcelled Hiber ||     1
 Stab: Sleeping          ||     4
Armor: Robe              ||     2
Dodge: Dodged            ||     8
